 Dungeon Crawl Stone Soup version 0.25-a0-365-g7600c65aa0 (webtiles) character file.

Game seed: 458275342497992700, levelgen mode: deterministic

182392 Dommiel19 the Bludgeoner (level 17, 0/135 HPs)
             Began as a Demonspawn Gladiator on Jan 5, 2020.
             Was the Champion of Makhleb.
             Splashed by an acid blob's acid (12 damage)
             ... on level 6 of the Lair of Beasts.
             The game lasted 01:50:50 (34602 turns).

Dommiel19 the Bludgeoner (Demonspawn Gladiator)    Turns: 34602, Time: 01:51:00

Health: 0/135      AC: 22    Str: 27    XL:     17   Next: 71%
Magic:  29/29      EV:  9    Int: 12    God:    Makhleb [******]
Gold:   167        SH:  6    Dex: 15    Spells: 16/16 levels left

rFire    . . .     SeeInvis +   t - +9 great mace (elec)
rCold    + . .     Gourm    .   (shield currently unavailable)
rNeg     . . .     Faith    .   r - +9 plate armour
rPois    +         Spirit   .   (helmet unavailable)
rElec    .         Reflect  .   H - +2 cloak
rCorr    .         Harm     .   o - +2 pair of gloves
MR       +++..                  i - +1 pair of boots
Stlth    ..........             j - amulet "Viati" {+Inv Regen+ Str+2 Dex-3 Slay+6}
HPRegen  0.72/turn              M - ring "Daetes" {rPois SInv}
MPRegen  0.21/turn              g - ring of Noasyt {+Inv MR+ Str+5 Int+2}

@: corroded
A: antennae 3, beak, large bone plates 2, agile 1, cold resistance 1, magic
resistance 1, powered by death 2, rot immunity, subdued magic 1, MP-powered
wands
a: Minor Destruction, Lesser Servant of Makhleb, Major Destruction, Greater
Servant of Makhleb, Renounce Religion, Evoke Invisibility


You were on level 6 of the Lair of Beasts.
You worshipped Makhleb.
Makhleb was exalted by your worship.
You were not hungry.

You visited 8 branches of the dungeon, and saw 31 of its levels.
You also visited: Ossuary and Volcano.

You collected 2761 gold pieces.
You spent 2594 gold pieces at shops.

Inventory:

Hand Weapons
 t - a +9 great mace of electrocution (weapon)
Missiles
 d - 17 throwing nets (quivered)
Armour
 i - a +1 pair of boots (worn)
 o - a +2 pair of gloves (worn)
 r - a +9 plate armour (worn)
 H - a +2 cloak (worn)
Jewellery
 g - the ring of Noasyt (right hand) {+Inv MR+ Str+5 Int+2}
   (You bought it in a shop on level 2 of the Orcish Mines)

   [ring of strength]

   It affects your strength (+5).
   It affects your intelligence (+2).
   It affects your resistance to hostile enchantments.
   It lets you turn invisible.
 j - the amulet "Viati" (around neck) {+Inv Regen+ Str+2 Dex-3 Slay+6}
   (You bought it in a shop on level 2 of the Orcish Mines)

   [amulet of regeneration]

   It affects your strength (+2).
   It affects your dexterity (-3).
   It affects your accuracy and damage with ranged weapons and melee attacks
   (+6).
   It lets you turn invisible.
   It increases your rate of regeneration.
 p - an uncursed ring of poison resistance
 K - an uncursed ring of flight
 M - the ring "Daetes" (left hand) {rPois SInv}
   (You found it on level 14 of the Dungeon)

   [ring of poison resistance]

   It protects you from poison.
   It lets you see invisible.
Wands
 m - a wand of digging (14)
 E - a wand of clouds (1)
Scrolls
 b - a scroll of amnesia
 c - 14 scrolls of remove curse
 k - 6 scrolls of teleportation
 l - 9 scrolls of enchant weapon
 v - 4 scrolls of magic mapping
 y - 16 scrolls of identify
Potions
 a - 3 potions of cancellation
 e - 4 potions of curing
 h - 2 potions of flight
 n - a potion of magic
 x - 6 potions of haste
 C - a potion of ambrosia
 D - 2 potions of agility
Miscellaneous
 w - a phial of floods
Comestibles
 f - 68 rations


   Skills:
 + Level 12.4 Fighting
 - Level 20.0 Maces & Flails
 - Level 1.7 Throwing
 * Level 12.4 Armour
 - Level 2.6 Dodging
   Level 5.8 Shields
 - Level 16.1 Invocations


You had 16 spell levels left.
You didn't know any spells.
Your spell library contained the following spells:

 Spells                   Type           Power        Failure   Level  Hunger
 Animate Skeleton         Necr           N/A          92%         1    ##.....
 Apportation              Tloc           #.....       92%         1    ##.....
 Beastly Appendage        Tmut           #.....       92%         1    ##.....
 Confusing Touch          Hex            #.....       92%         1    ##.....
 Corona                   Hex            #......      92%         1    ##.....
 Foxfire                  Conj/Fire      #...         92%         1    ##.....
 Magic Dart               Conj           #...         92%         1    ##.....
 Shock                    Conj/Air       #...         92%         1    ##.....
 Summon Small Mammal      Summ           #...         92%         1    ##.....
 Blink                    Tloc           N/A          98%         2    ###....
 Call Imp                 Summ           #.......     98%         2    ###....
 Ensorcelled Hibernation  Hex/Ice        #.....       98%         2    ###....
 Poisonous Vapours        Pois/Air       #.....       98%         2    ###....
 Searing Ray              Conj           #.....       98%         2    ###....
 Slow                     Hex            #.......     98%         2    ###....
 Sticks to Snakes         Tmut           #.......     98%         2    ###....
 Swiftness                Chrm/Air       #.......     98%         2    ###....
 Confuse                  Hex            #.......     100%        3    ####...
 Conjure Flame            Conj/Fire      #.......     100%        3    ####...
 Dazzling Flash           Conj/Hex       #.....       100%        3    ####...
 Inner Flame              Hex/Fire       #.......     100%        3    ####...
 Mephitic Cloud           Conj/Pois/Air  #.......     100%        3    ####...
 Recall                   Summ/Tloc      N/A          100%        3    ####...
 Spider Form              Tmut/Pois      #.........   100%        3    ####...
 Static Discharge         Conj/Air       #.......     100%        3    ####...
 Tukima's Dance           Hex            #.......     100%        3    ####...
 Airstrike                Air            #.........   100%        4    #####..
 Fulminant Prism          Conj/Hex       #.........   100%        4    #####..
 Ice Form                 Ice/Tmut       #.......     100%        4    #####..
 Iskenderun's Mystic Bla  Conj/Tloc      #.......     100%        4    #####..
 Sticky Flame             Conj/Fire      #.......     100%        4    #####..
 Aura of Abjuration       Summ           #.........   100%        5    ######.
 Blade Hands              Tmut           #.........   100%        5    ######.
 Bolt of Magma            Conj/Fire/Erth #.........   100%        5    ######.
 Fireball                 Conj/Fire      #.........   100%        5    ######.
 Iskenderun's Battlesphe  Conj/Chrm      #.......     100%        5    ######.
 Lightning Bolt           Conj/Air       #.........   100%        5    ######.
 Summon Demon             Summ           #.........   100%        5    ######.
 Summon Forest            Summ/Tloc      #.........   100%        5    ######.
 Summon Mana Viper        Hex/Summ       #.......     100%        5    ######.
 Freezing Cloud           Conj/Ice/Air   #.........   100%        6    #######
 Iron Shot                Conj/Erth      #.........   100%        6    #######
 Shadow Creatures         Summ           N/A          100%        6    #######
 Orb of Destruction       Conj           #.........   100%        7    #######
 Ring of Flames           Chrm/Fire      #.........   100%        7    #######
 Spellforged Servitor     Conj/Summ      #.........   100%        7    #######


Dungeon Overview and Level Annotations

Branches:
Dungeon (15/15)            Temple (1/1) D:5            Lair (6/6) D:9
 Shoals (4/4) Lair:2       Spider (0/4) Lair:3        Slime (1/5) Lair:6
    Orc (2/2) D:9             Elf (1/3) Orc:2        Vaults (0/5) D:14
 Depths (1/5) D:15        Ossuary (visited)         Volcano (visited)

Altars:
Ashenzari
Cheibriados
Dithmenos
Elyvilon
Fedhas
Gozag
Hepliaklqana
Kikubaaqudgha
Makhleb
Nemelex Xobeh
Okawaru
Qazlal
Ru
Sif Muna
Trog
Uskayaw
Vehumet
Wu Jian
Xom
Yredelemnul
Zin
The Shining One
Beogh

Shops:
D:4 *   D:9 !   D:15 (   Orc:2 [%*=

Annotations:
D:8 3 runed translucent doors, dricus's ghost, novice KoBe
Shoals:4 Donald
Depths:1 Aizul


Innate Abilities, Weirdness & Mutations

You have a pair of large antennae on your head. (SInv)
You are mostly covered in large bone plates. (SH +6)
Your flesh is cold resistant. (rC+)
You regenerate health from kills.
You are immune to rotting.
You have a beak for a mouth.
You are agile. (Dex +2)
You are resistant to hostile enchantments. (MR+)
Your spells are a little easier to cast, but a little less powerful.
You expend magic power (3 MP) to strengthen your wands.


Message History

The acid blob is almost dead.
The slime creature hits you but does no damage.
The acid blob hits you!
* * * LOW HITPOINT WARNING * * *
You are splashed with acid!
* * * LOW HITPOINT WARNING * * *
You feel much better. The acid blob hits you!!
* * * LOW HITPOINT WARNING * * *
You are splashed with acid.
* * * LOW HITPOINT WARNING * * *
The slime creature hits you.
* * * LOW HITPOINT WARNING * * *
Okay, then.
You feel better.
The acid blob jiggles.
The acid blob spits acid at you. The splash of acid hits you.
* * * LOW HITPOINT WARNING * * *
The acid corrodes you!
You are splashed with acid!
You die...

### ####### ##..b
###.###P.##P# #...
#####...........######P.
##................##.....
#...##....###...........<
##..###...##.............
##..##....#........P....
#....J.................
##.....@J...............
#.......................
###...#...#.#....#.......
#...###....##...###..#.#.
##..)#.....##...###..###.
#................##### #.
#................# #.
#....#..[.#.#..### ##
#######...###### #


You could see an acid blob and a slime creature.

Vanquished Creatures
  Nikola (Elf:1)
  Polyphemus (Shoals:3)
  An acid blob (Lair:6)
  Kirke (D:12)
  Roxanne (D:15)
  A very ugly thing (D:15)
  2 stone giants
  A deep elf annihilator (Elf:1)
  3 ettins
  A merfolk javelineer (Shoals:4)
  Snorg (Lair:4)
  The ghost of Nixze the Grappler, a journeyman TrMo of Makhleb (Lair:2)
  A yaktaur captain (D:14)
  7 merfolk impalers
  Josephine (Lair:4)
  A deep elf high priest (Elf:1)
  2 vault guards (D:14)
  7 hydras
  Harold (D:8)
  A death knight (D:13)
  A deep troll shaman (D:15)
  3 centaur warriors
  3 merfolk avatars (Shoals:4)
  2 catoblepae
  An anaconda (Lair:6)
  2 merfolk aquamancers
  2 alligator snapping turtles
  An ogre mage (D:15)
  7 two-headed ogres
  A satyr (Shoals:2)
  6 dancing weapons (Elf:1)
  A death yak (Shoals:3)
  3 tengu warriors
  3 deep troll earth magi (D:14)
  7 deep elf knights (Elf:1)
  Urug (D:12)
  2 hell knights
  A fire crab (Shoals:4)
  An iron troll (D:15)
  A deep troll (D:15)
  An unseen horror (D:14)
  10 sea snakes
  4 deep elf archers (Elf:1)
  6 harpies
  16 deep elf magi
  2 necromancers (D:14)
  An oklob plant (Shoals:1)
  3 wolf spiders
  17 ugly things
  4 fauns
  6 cyclopes
  2 shining eyes
  8 orc sorcerers (Orc:2)
  9 manticores
  6 merfolk sirens
  6 black mambas
  A guardian serpent (Lair:6)
  4 gargoyles
  A spiny frog (shapeshifter) (Elf:1)
  2 molten gargoyles (Volcano)
  6 water nymphs
  3 efreet
  A kobold demonologist (D:14)
  19 spiny frogs
  A rime drake (Lair:3)
  A rime drake (shapeshifter) (Elf:1)
  A yaktaur (shapeshifter) (D:14)
  7 komodo dragons
  A freezing wraith (D:14)
  3 yaktaurs (D:14)
  A queen bee (Lair:3)
  41 merfolk
  3 meliai (D:13)
  5 trolls
  4 hornets
  4 wind drakes
  11 polar bears (Lair:6)
  3 raiju (Lair:6)
  7 blink frogs (Lair:6)
  7 slime creatures
  11 dream sheep
  7 snapping turtles
  16 hippogriffs
  3 shadows (D:14)
  2 redbacks (Lair:6)
  2 air elementals (Elf:1)
  10 wyverns
  A yak (shapeshifter) (D:12)
  2 vampires (D:14)
  3 hogs (D:12)
  6 fire bats
  10 water elementals
  8 wraiths
  A basilisk (Lair:5)
  2 golden eyes (Lair:6)
  17 humans (D:14)
  46 yaks
  6 fire elementals
  3 hungry ghosts
  Eustachio (D:6)
  2 steam dragons
  5 vampire mosquitoes
  15 wargs
  A soldier ant (D:8)
  14 hell hounds (Lair:6)
  18 water moccasins
  9 porcupines
  17 orc warriors
  14 black bears
  2 ice beasts
  3 sky beasts
  2 phantoms
  A necrophage (D:9)
  8 ogres
  20 wolves
  30 centaurs
  8 crocodiles
  2 big kobolds
  2 elf zombies (D:9)
  12 bullfrogs
  2 elf skeletons (D:4)
  A wyvern zombie (D:9)
  A wyvern skeleton (D:14)
  4 scorpions
  A water moccasin skeleton (D:4)
  29 killer bees
  16 wights
  6 electric eels
  6 howler monkeys
  3 crimson imps
  3 bullfrog zombies
  6 lava snakes (Volcano)
  A centaur zombie (D:10)
  5 human zombies
  4 centaur skeletons
  5 hounds
  13 orc priests
  A bullfrog skeleton (D:6)
  A gnoll shaman (D:7)
  5 jellies
  50 orc wizards
  A human skeleton (D:9)
  3 iguanas
  Natasha (D:2)
  4 worker ants
  A big kobold zombie (Ossuary)
  A hound zombie (D:10)
  A hound skeleton (D:2)
  3 mummies (Ossuary)
  Robin (D:4)
  10 adders
  9 gnolls
  7 shadow imps
  4 oozes
  An adder skeleton (D:4)
  4 adder zombies
  2 worms
  7 leopard geckos
  101 orcs
  5 giant cockroaches
  20 goblins
  9 hobgoblins
  17 jackals
  4 quokkas
  2 ball pythons
  7 bats
  8 frilled lizards
  2 goblin zombies (Ossuary)
  A hobgoblin zombie (Ossuary)
  A jackal zombie (D:6)
  11 kobolds
  4 kobold zombies (Ossuary)
  2 leopard gecko zombies
  An orc skeleton (D:4)
  An orc zombie (D:4)
  5 quokka zombies (Ossuary)
  9 rats
  2 rat zombies (Ossuary)
1100 creatures vanquished.

Vanquished Creatures (collateral kills)
  A very ugly thing (D:15)
  An ettin (Orc:2)
  A deep troll earth mage (D:15)
  A death yak (Shoals:3)
  A fire crab (Shoals:4)
  A deep elf archer (Elf:1)
  An orc sorcerer (Orc:2)
  2 deep elf magi (Elf:1)
  3 ugly things (D:15)
  A manticore (Shoals:2)
  4 merfolk
  A snapping turtle (Shoals:2)
  A hippogriff (Shoals:2)
  2 orcs (Orc:2)
21 creatures vanquished.

Vanquished Creatures (others)
  Nessos (D:12)
  A centaur warrior (D:15)
  2 deep elf magi (Elf:1)
  A gargoyle (Volcano)
  4 centaurs
  An orc wizard (Orc:2)
  2 bushes (Lair:1)
  14 fungi
  50 plants
76 creatures vanquished.

Grand Total: 1197 creatures vanquished

Notes
Turn   | Place    | Note
-------+----------+-------------------------------------------
     0 | D:1      | Dommiel19 the Demonspawn Gladiator began the quest for the
                  | Orb.
     0 | D:1      | Reached XP level 1. HP: 16/16 MP: 1/1
    39 | D:1      | Reached skill level 3 in Maces & Flails
    45 | D:1      | Gained mutation: You have a pair of small antennae on your
                  | head. [demonic ancestry]
    45 | D:1      | Reached XP level 2. HP: 15/22 MP: 2/2
   389 | D:1      | Gained mutation: You are partially covered in large bone
                  | plates. (SH +4) [demonic ancestry]
   389 | D:1      | Reached XP level 3. HP: 6/28 MP: 3/3
   393 | D:1      | HP: 2/42 [kobold/stone (2)]
  1484 | D:1      | Reached XP level 4. HP: 34/34 MP: 4/4
  1498 | D:1      | Reached skill level 4 in Maces & Flails
  1786 | D:2      | Reached skill level 1 in Armour
  2133 | D:2      | Noticed Natasha
  2141 | D:2      | Killed Natasha
  2141 | D:2      | Gained mutation: You are mostly covered in large bone
                  | plates. (SH +6) [demonic ancestry]
  2141 | D:2      | Reached XP level 5. HP: 41/41 MP: 5/5
  2171 | D:2      | Found a sparkling altar of Nemelex Xobeh.
  2874 | D:3      | Gained mutation: You regenerate a little health from kills.
                  | [demonic ancestry]
  2874 | D:3      | Reached XP level 6. HP: 45/47 MP: 6/6
  2919 | D:3      | Reached skill level 5 in Maces & Flails
  3503 | D:4      | Reached XP level 7. HP: 34/54 MP: 7/7
  3506 | D:4      | Found a sand-covered staircase.
  3534 | Ossuary  | Entered an ossuary
  3858 | D:4      | Reached skill level 6 in Maces & Flails
  3959 | D:4      | Noticed Robin
  3985 | D:4      | Killed Robin
  4314 | D:4      | Found Ineudor's Assorted Antiques.
  4319 | D:4      | Bought a scroll labeled KUBELYABBA for 21 gold pieces
  4319 | D:4      | Bought an emerald potion for 18 gold pieces
  4527 | D:5      | Entered Level 5 of the Dungeon
  4543 | D:5      | Reached skill level 5 in Fighting
  4689 | D:5      | Found a staircase to the Ecumenical Temple.
  4786 | D:5      | Gained mutation: You regenerate health from kills. [demonic
                  | ancestry]
  4786 | D:5      | Reached XP level 8. HP: 60/62 MP: 8/8
  5225 | D:5      | Found an opulent altar of Gozag.
  5457 | D:6      | Reached skill level 7 in Maces & Flails
  5811 | D:6      | Noticed Eustachio
  5818 | D:6      | Killed Eustachio
  5818 | D:6      | Reached skill level 8 in Maces & Flails
  5818 | D:6      | Reached skill level 1 in Shields
  6043 | Temple   | Entered the Ecumenical Temple
  6112 | Temple   | Became a worshipper of Makhleb the Destroyer
  6225 | D:7      | Gained mutation: You are immune to rotting. [demonic
                  | ancestry]
  6225 | D:7      | Reached XP level 9. HP: 61/69 MP: 9/9
  6967 | D:8      | Reached * piety under Makhleb
  6999 | D:8      | Noticed Harold
  7030 | D:8      | Killed Harold
  7030 | D:8      | Reached skill level 9 in Maces & Flails
  7095 | D:8      | Found a runed translucent gate.
  7095 | D:8      | Found a runed translucent gate.
  7097 | D:8      | Found a runed translucent gate.
  7097 | D:8      | Noticed dricus's ghost (novice KoBe)
  7109 | D:8      | Found an iron altar of Okawaru.
  7268 | D:8      | Reached skill level 5 in Shields
  7388 | D:8      | Reached XP level 10. HP: 79/79 MP: 10/10
  7454 | D:8      | Paralysed by a hornet for 3 turns
  7609 | D:8      | Noticed a two-headed ogre
  7623 | D:8      | Killed a two-headed ogre
  8577 | D:9      | Reached skill level 10 in Maces & Flails
  8588 | D:9      | Found a staircase to the Lair.
  8594 | D:9      | Found a staircase to the Orcish Mines.
  8737 | D:9      | Reached skill level 5 in Armour
  8771 | D:9      | Found Caf Ovoi's Distillery.
  9015 | D:9      | Reached ** piety under Makhleb
  9227 | D:9      | Found a basalt altar of Yredelemnul.
  9239 | D:9      | Reached skill level 11 in Maces & Flails
  9317 | Lair:1   | Entered Level 1 of the Lair of Beasts
  9419 | Lair:1   | Gained mutation: You have a pair of antennae on your head.
                  | [demonic ancestry]
  9419 | Lair:1   | Reached XP level 11. HP: 84/84 MP: 11/11
  9445 | Lair:1   | Noticed a five-headed hydra
  9461 | Lair:1   | Killed a five-headed hydra
  9552 | Lair:1   | Reached *** piety under Makhleb
  9577 | Lair:1   | Noticed a five-headed hydra
  9588 | Lair:1   | Killed a five-headed hydra
 10032 | Lair:1   | Reached skill level 12 in Maces & Flails
 10654 | Lair:2   | Noticed Nixze's ghost (journeyman TrMo)
 10655 | Lair:2   | Found a runed translucent door.
 11626 | Lair:2   | HP: 4/84 [poisoned by a black mamba]
 11631 | Lair:2   | HP: 4/84 [poisoned by a black mamba]
 11636 | Lair:2   | HP: 3/84 [poisoned by a black mamba]
 11644 | Lair:2   | HP: 3/84 [poisoned by a black mamba]
 12085 | Lair:2   | Found a staircase to the Shoals.
 12094 | Lair:2   | Reached skill level 13 in Maces & Flails
 12265 | Lair:3   | Found a hole to the Spider Nest.
 12265 | Lair:3   | Noticed a wolf spider
 12274 | Lair:3   | Killed a wolf spider
 12416 | Lair:3   | HP: 4/84 [poisoned by a spiny frog]
 12424 | Lair:3   | HP: 3/84 [poisoned by a spiny frog]
 12432 | Lair:3   | HP: 3/84 [poisoned by a spiny frog]
 12804 | Lair:3   | Reached XP level 12. HP: 74/91 MP: 12/12
 13180 | Lair:3   | Reached **** piety under Makhleb
 13407 | Lair:3   | Noticed a catoblepas
 13924 | Lair:2   | Killed a catoblepas
 14189 | Lair:4   | Noticed Josephine
 14207 | Lair:4   | Killed Josephine
 14207 | Lair:4   | Reached skill level 14 in Maces & Flails
 14254 | Lair:4   | Noticed Snorg
 14274 | Lair:4   | Killed Snorg
 15887 | Lair:5   | Found a dark tunnel.
 15897 | Volcano  | Entered a volcano
 15925 | Volcano  | Gained mutation: You have a beak for a mouth. [potion of
                  | mutation]
 15925 | Volcano  | Gained mutation: You are agile. (Dex +2) [potion of
                  | mutation]
 15925 | Volcano  | Gained mutation: You are resistant to hostile enchantments.
                  | (MR+) [potion of mutation]
 16286 | Volcano  | Found a bloodstained altar of Trog.
 16328 | Volcano  | Noticed a stone giant
 16790 | Volcano  | Killed a stone giant
 17278 | Lair:5   | Reached XP level 13. HP: 61/97 MP: 13/13
 17287 | Lair:5   | Reached skill level 15 in Maces & Flails
 17288 | Lair:5   | Reached ***** piety under Makhleb
 17288 | Lair:5   | Reached skill level 10 in Armour
 17591 | Lair:6   | Entered Level 6 of the Lair of Beasts
 18258 | Lair:6   | Reached skill level 16 in Maces & Flails
 18606 | Lair:6   | Reached ****** piety under Makhleb
 18813 | Lair:6   | Reached XP level 14. HP: 103/103 MP: 14/14
 18892 | Lair:6   | Reached skill level 1 in Invocations
 19111 | Lair:6   | Found a staircase to the Slime Pits.
 19341 | D:10     | Entered Level 10 of the Dungeon
 19898 | D:10     | Reached skill level 17 in Maces & Flails
 20200 | D:11     | Reached skill level 5 in Invocations
 20832 | D:11     | Found a glowing golden altar of the Shining One.
 21001 | D:12     | Noticed Nessos
 21557 | D:12     | Noticed Kirke
 21574 | D:12     | Killed Kirke
 21810 | D:12     | Noticed Urug
 21825 | D:12     | Killed Urug
 22022 | D:12     | Killed Nessos
 23513 | D:14     | Gained mutation: You have a pair of large antennae on your
                  | head. (SInv) [demonic ancestry]
 23513 | D:14     | Reached XP level 15. HP: 105/113 MP: 21/21
 23754 | D:14     | Found a transporter.
 24002 | D:14     | Found a transporter.
 24067 | D:14     | Reached skill level 10 in Invocations
 24178 | D:14     | Found a gate to the Vaults.
 24568 | D:14     | Reached skill level 18 in Maces & Flails
 24688 | D:14     | Reached skill level 10 in Fighting
 24766 | D:15     | Entered Level 15 of the Dungeon
 24952 | D:14     | Got an ancient sapphire amulet
 24982 | D:14     | Got a heavily runed bone ring
 25026 | D:14     | Identified the amulet "Zyox" {Harm *Contam *Drain Str+2
                  | Dex+7} (You found it on level 14 of the Dungeon)
 25030 | D:14     | Identified the ring "Daetes" {rPois SInv} (You found it on
                  | level 14 of the Dungeon)
 25110 | D:15     | Found a staircase to the Depths.
 25202 | D:15     | Noticed Roxanne
 25225 | D:15     | Killed Roxanne
 25409 | D:15     | Found Yfoedudo's Weapon Shop.
 26041 | Lair:2   | Killed Nixze's ghost
 26136 | Orc:1    | Entered Level 1 of the Orcish Mines
 26506 | Orc:1    | Found a roughly hewn altar of Beogh.
 26595 | Orc:2    | Entered Level 2 of the Orcish Mines
 26612 | Orc:2    | Found a staircase to the Elven Halls.
 26825 | Orc:2    | Gained mutation: Your flesh is cold resistant. (rC+)
                  | [demonic ancestry]
 26825 | Orc:2    | Reached XP level 16. HP: 123/123 MP: 25/25
 27726 | Orc:2    | Paralysed by an orc sorcerer for 3 turns
 27763 | Orc:2    | Found Fuaxoef's Jewellery Emporium.
 27763 | Orc:2    | Found Nepisun's Assorted Antiques.
 27797 | Orc:2    | Bought a bubbling clear potion for 30 gold pieces
 27797 | Orc:2    | Bought a potion of heal wounds for 170 gold pieces
 27797 | Orc:2    | Bought a potion of haste for 340 gold pieces
 27797 | Orc:2    | Bought a scroll labeled ZISERU VUUMP for 34 gold pieces
 27808 | Orc:2    | Bought the amulet "Viati" {+Inv Regen+ Str+2 Dex-3 Slay+6}
                  | for 1006 gold pieces
 27891 | Orc:2    | Found Retose's Antique Armour Boutique.
 27891 | Orc:2    | Found Bostrid's Food Emporium.
 27937 | Orc:2    | Found a roughly hewn altar of Beogh.
 28285 | Shoals:1 | Entered Level 1 of the Shoals
 28649 | Shoals:1 | Found a shimmering blue altar of Sif Muna.
 29724 | Orc:2    | Bought the ring of Noasyt {+Inv MR+ Str+5 Int+2} for 975
                  | gold pieces
 29881 | Shoals:2 | Identified the cursed +0 morningstar of Soxesu {freeze,
                  | *Contam rPois MP+9}
 30136 | Shoals:2 | Reached skill level 19 in Maces & Flails
 30915 | Shoals:3 | Reached skill level 15 in Invocations
 31081 | Shoals:3 | Noticed Polyphemus
 31102 | Shoals:3 | HP: 6/126 [death yak[Polyphemus] (19)]
 31500 | Shoals:3 | Killed Polyphemus
 31508 | Shoals:4 | Entered Level 4 of the Shoals
 31816 | Shoals:4 | Reached XP level 17. HP: 121/132 MP: 28/28
 31894 | Shoals:4 | Found the +0 Maxwell's etheric cage {RegenMP+ *Contam rElec
                  | MP+4}
 32233 | Shoals:4 | HP: 5/133 [merfolk aquamancer/shard of ice (32)]
 32238 | Shoals:4 | Noticed Donald
 32982 | Depths:1 | Entered Level 1 of the Depths
 33092 | Depths:1 | Noticed Aizul
 33339 | Elf:1    | Entered Level 1 of the Elven Halls
 33364 | Elf:1    | Noticed Nikola
 33380 | Elf:1    | Killed Nikola
 33996 | Elf:1    | Reached skill level 20 in Maces & Flails
 34360 | Slime:1  | Entered Level 1 of the Pits of Slime
 34360 | Slime:1  | Noticed an acid blob
 34360 | Slime:1  | Noticed an acid blob
 34448 | Lair:6   | Killed an acid blob
 34495 | Slime:1  | Gained mutation: You expend magic power (3 MP) to
                  | strengthen your wands. [a shining eye]
 34506 | Slime:1  | Gained mutation: Your spells are a little easier to cast,
                  | but a little less powerful. [a shining eye]
 34510 | Slime:1  | Noticed an acid blob
 34602 | Lair:6   | Splashed by an acid blob's acid

Levels and vault maps discovered:
D:1:      lightli_arrival_statue_moat, layout_rooms
D:2:      layout_loops_ring, nemelex_xobeh_ov_fountains_minmay,
          corexii_hall_statues_x, uniq_natasha
D:3:      layout_rooms, first_ration, minmay_pentangle
D:4:      layout_basic, serial_shops, shop, nicolae_ossuary_entry_catacombs,
          hangedman_abyss_or_decor_jellyfish_corner, uniq_robin
D:5:      layout_basic, minmay_temple_entry_overgrown, basic_altar
D:6:      layout_basic, minmay_crystal_room, minmay_misc_feat_hallway,
          minmay_misc_feat_more_columns, uniq_eustachio
D:7:      layout_gridville
D:8:      layout_basic, ebering_ghost_rock_garden, hangedman_pestilent_swarm,
          minivault_4, minmay_misc_feat_cross, okawaru_gym_becter, uniq_harold
D:9:      layout_basic, lair_entry_dummy, david_orc_3, serial_shops,
          shop_fountains, lemuel_mausoleum_altar_yredelemnul
D:10:     layout_roguey
D:11:     layout_loops_ring, kennysheep_nondescript, lemuel_centaur_altar
D:12:     layout_basic, minivault_16, uniq_kirke, uniq_nessos, uniq_urug
D:13:     layout_layer_cave
D:14:     gammafunk_dig_for_victory, layout_basic, grunt_vaults_entry_tiered,
          kennysheep_cross_bottleneck, grunt_ministairs_10, chequers_jeans,
          minivault_19, feat_on_display
D:15:     hangedman_depths_entry_civil_slaughter, layout_basic, serial_shops,
          shop, uniq_roxanne
Temple:   dpeg_three_leaves_temple
Lair:1:   layout_roguey, serial_forest, infiniplex_forest_straight_2,
          infiniplex_forest_clump_cross, infiniplex_forest_clump_tiny,
          infiniplex_forest_clump_curved, infiniplex_forest_zigzag_1,
          infiniplex_forest_straight_5, infiniplex_forest_lined_3,
          infiniplex_forest_3_way, infiniplex_forest_clump_small
Lair:2:   layout_cave_pods, elwin_shoals_entry_rooms,
          hellmonk_ghost_happy_afterlife, lemuel_fruit_fields
Lair:3:   layout_loops_ring, spider_nest_entry_rubble, special_room
          [special_room_bee], eino_small_chamber_without_monster,
          chequers_serial_rivers_micro_e, serial_bayou_shore_b
Lair:4:   layout_regular_city, lemuel_fruit_tree, infiniplex_staircase_pool,
          serial_bayou_shore_b, uniq_snorg, uniq_josephine
Lair:5:   layout_loops_ring, nicolae_volcano_entry_batcave
Lair:6:   hangedman_lair_caniforms_friends, layout_big_grid,
          hangedman_lair_tendril_chambers, minmay_slime_entry_pillars,
          lemuel_fruit_fields
Shoals:1: layout_shoals, lemuel_oklob_altar
Shoals:2: layout_shoals
Shoals:3: layout_shoals, nicolae_shoals_wave_tunnel, uniq_polyphemus
Shoals:4: shoals_end_grunt_ice, layout_shoals, hangedman_shoal_volcano,
          uniq_donald
Slime:1:  layout_caves
Orc:1:    layout_caves, david_defended_altar_orc
Orc:2:    st_orc_town, layout_diamond_mine, mines5_lemuel
Elf:1:    layout_rooms, evilmike_minifort, uniq_nikola
Depths:1: grunt_x_marks_the_spot, layout_cross, enter_ziggurat_e,
          marbit_kobold_abyss_entry, skrybe_limestone_x,
          hangedman_tar_grid_catacomb, minmay_misc_feat_nine_boxes,
          nicolae_lava_and_water, minmay_mirror_moons_of_madness, uniq_aizul

Skill      XL: |  1  2  3  4  5  6  7  8  9 10 11 12 13 14 15 16 17 |
---------------+----------------------------------------------------+-----
Maces & Flails | 3 4 5 6 8 9 11 13 14 16 17 18 19 20 | 20.0
Fighting       | 3 4 5 6 7 9 10 11 12 | 12.4
Armour         | 1 2 3 4 6 8 9 11 12 | 12.4
Shields        | 1 5 |  5.8
Invocations    | 9 12 15 16 | 16.1
Throwing       | |  1.7
Dodging        | |  2.6

Action                   |  1- 3 |  4- 6 |  7- 9 | 10-12 | 13-15 | 16-18 || total
-------------------------+-------+-------+-------+-------+-------+-------++-------
Melee: Flail             |   125 |   258 |   276 |       |       |       ||   659
       Mace              |       |       |   300 |    46 |       |       ||   346
       Great mace        |       |       |       |   675 |  1457 |   830 ||  2962
       Peck              |       |       |       |    13 |   338 |   214 ||   565
Invok: Lesser Servant of |       |       |       |       |       |    27 ||    27
       Greater Servant o |       |       |       |       |       |     2 ||     2
 Abil: Evoke Flight      |       |       |       |       |       |     1 ||     1
Evoke: Wand              |       |       |       |    14 |    11 |    21 ||    46
  Use: Potion            |     1 |       |    11 |    11 |     5 |    14 ||    42
       Scroll            |     1 |       |    10 |    14 |     9 |    22 ||    56
 Stab: Distracted        |       |       |       |     1 |       |     2 ||     3
       Invisible         |       |       |       |     2 |       |       ||     2
  Eat: Chunk             |     2 |     6 |    11 |    14 |    30 |    20 ||    83
       Ration            |       |       |     1 |     5 |     2 |     2 ||    10
Armor: Leather armour    |    42 |       |       |       |       |       ||    42
       Skin              |    31 |       |       |       |       |       ||    31
       Scale mail        |    26 |    86 |       |       |       |       ||   112
       Chain mail        |       |    63 |   251 |       |       |       ||   314
       Plate armour      |       |       |   105 |   534 |  1216 |   539 ||  2394
Dodge: Dodged            |   107 |   141 |   150 |   247 |   543 |   249 ||  1437
Block: Other             |     7 |    83 |   102 |   210 |   853 |   210 ||  1465
       Buckler           |       |       |   102 |    18 |       |       ||   120
       Reflection        |       |       |       |       |    57 |     3 ||    60

Table legend:
 A = Non-vault XP
 B = Vault XP
 C = Vault XP percentage of total XP
 D = Non-vault monster count
 E = Vault monster count
 F = Vault count percentage of total count
                 A         B        C        D         E       F
            +---------+---------+-------+---------+---------+-------
      Total |  156052 |  112430 |  41.9 |     728 |     400 |  35.5
            +---------+---------+-------+---------+---------+-------
        D:1 |     120 |       0 |   0.0 |      44 |       0 |   0.0
        D:2 |      86 |      35 |  28.9 |      22 |       1 |   4.3
        D:3 |     231 |      14 |   5.7 |      22 |       5 |  18.5
        D:4 |     398 |     289 |  42.1 |      14 |      17 |  54.8
        D:5 |     319 |       0 |   0.0 |      22 |       0 |   0.0
        D:6 |     861 |     188 |  17.9 |      18 |       1 |   5.3
        D:7 |    1229 |       0 |   0.0 |      25 |       0 |   0.0
        D:8 |    1689 |    1444 |  46.1 |      21 |       5 |  19.2
        D:9 |    1379 |    1968 |  58.8 |      25 |      21 |  45.7
       D:10 |    4626 |       0 |   0.0 |      36 |       0 |   0.0
       D:11 |    6432 |     419 |   6.1 |      60 |       4 |   6.2
       D:12 |    4199 |    4685 |  52.7 |      24 |       6 |  20.0
       D:13 |    6812 |       0 |   0.0 |      18 |       0 |   0.0
       D:14 |   11317 |   22287 |  66.3 |      36 |      49 |  57.6
       D:15 |   12561 |   12597 |  50.1 |      28 |      14 |  33.3
     Lair:1 |    4820 |       0 |   0.0 |      18 |       0 |   0.0
     Lair:2 |    5658 |    1592 |  22.0 |      23 |       2 |   8.0
     Lair:3 |    3325 |    2347 |  41.4 |      14 |      26 |  65.0
     Lair:4 |    1267 |    2759 |  68.5 |       6 |       5 |  45.5
     Lair:5 |    4621 |     588 |  11.3 |      23 |       3 |  11.5
     Lair:6 |   15517 |   20952 |  57.5 |      46 |      93 |  66.9
   Shoals:1 |    7629 |     565 |   6.9 |      17 |       1 |   5.6
   Shoals:2 |   14454 |       0 |   0.0 |      35 |       0 |   0.0
   Shoals:3 |   14971 |    7049 |  32.0 |      32 |      14 |  30.4
   Shoals:4 |    7109 |    9973 |  58.4 |      15 |      19 |  55.9
    Slime:1 |     583 |       0 |   0.0 |       1 |       0 |   0.0
      Orc:1 |     691 |     127 |  15.5 |      19 |       3 |  13.6
      Orc:2 |    3172 |    7621 |  70.6 |      32 |      62 |  66.0
      Elf:1 |   19976 |   11127 |  35.8 |      32 |      14 |  30.4
    Ossuary |       0 |     110 | 100.0 |       0 |      21 | 100.0
    Volcano |       0 |    3694 | 100.0 |       0 |      14 | 100.0
            +---------+---------+-------+---------+---------+-------
